Map: Hard Lead LE

Players

SubN - Winner!

  • Race: Zerg Zerg
  • League: Diamond
  • Spawn Location: 5:00

DrMono

  • Race: Terran Terran
  • League: Platinum
  • Spawn Location: 11:00

VOD

Have the link to the VOD?

Description

Time

  • Played on: Dec. 20, 2023, 8:55 p.m.
  • Length: 12:52
Show
View Real Time Build Order
Export as new Build Order

SubN Zerg - Winner!

Build Orders: Pool First 

Get SALT Encoding   

  12  0:00  Drone  
  13  0:12  Overlord  
  13  0:16  Drone  
  14  0:30  Drone x2  
  16  1:07  Drone x3, Spawning Pool  
  16  1:08  Extractor  
  17  1:20  Hatchery  
  17  1:25  Drone  
  17  1:29  Drone  
  18  1:39  Drone  
  19  1:51  Overlord  
  19  1:54  Queen  
  19  2:01  Drone  
  22  2:17  Metabolic Boost  
  22  2:20  Drone  
  23  2:26  Drone  
  24  2:35  Queen  
  26  2:45  Roach Warren  
  25  2:55  Spine Crawler  
  24  3:00  Spine Crawler  
  25  3:08  Queen  
  25  3:09  Drone x6  
  25  3:10  Drone  
  34  3:19  Drone x2  
  36  3:31  Overlord  
  36  3:32  Overlord x2  
  36  3:39  Overlord  
  36  3:45  Lair  
  36  3:57  Queen  
  36  3:58  Drone x5  
  36  4:02  Extractor  
  42  4:05  Evolution Chamber  
  42  4:08  Drone x2  
  42  4:09  Evolution Chamber  
  42  4:11  Drone  
  42  4:15  Drone  
  42  4:16  Drone x2  
  46  4:19  Drone  
  46  4:21  Overlord  
  47  4:34  Drone  
  47  4:35  Drone x2, Extractor  
  49  4:39  Zerg Ground Armor Level 1, Zerg Missile Weapons Level 1  
  49  4:49  Glial Reconstitution  
  49  4:51  Overlord x3  
  49  4:58  Overseer  
  49  5:06  Overlord  
  49  5:07  Roach  
  49  5:08  Roach x2  
  55  5:31  Spore Crawler  
  55  5:32  Drone  
  55  5:33  Spore Crawler  
  55  5:34  Drone  
  55  5:37  Roach x6  
  55  5:38  Roach  
  55  5:39  Ravager  
  70  5:44  Zergling x2  
  70  5:45  Zergling x6  
  74  5:50  Drone  
  74  5:53  Extractor  
  74  6:04  Ravager x2  
  74  6:07  Drone x3  
  74  6:10  Roach  
  74  6:11  Roach x3  
  86  6:22  Zergling x6  
  76  6:35  Roach x3  
  72  7:02  Roach  
  72  7:03  Roach x4  
  74  7:11  Queen  
  74  7:14  Zerg Missile Weapons Level 2  
  76  7:15  Zerg Melee Weapons Level 1  
  76  7:17  Zergling x8  
  76  7:19  Ravager  
  76  7:20  Ravager x2  
  83  7:28  Overlord x2  
  83  7:41  Hatchery  
  82  7:46  Queen x2  
  82  7:48  Zergling x2  
  82  7:49  Zergling x14  
  94  7:57  Zergling x4  
  96  8:12  Roach  
  98  8:15  Overlord x3  
  98  8:16  Overlord x2  
  98  8:32  Drone  
  98  8:34  Hydralisk Den  
  98  8:35  Drone x4  
  102  8:53  Zergling x2  
  103  9:00  Drone x7  
  103  9:02  Queen  
  112  9:03  Extractor  
  112  9:09  Zerg Ground Armor Level 2  
  111  9:12  Grooved Spines  
  111  9:13  Baneling Nest  
  104  9:38  Drone x4  
  108  9:44  Extractor  
  107  9:47  Drone  
  107  9:51  Hydralisk x12, Spore Crawler  
  131  9:55  Hatchery  
  127  10:02  Muscular Augments  
  127  10:12  Centrifugal Hooks  
  127  10:18  Drone x2  
  129  10:25  Infestation Pit  
  123  10:37  Hydralisk x4  
  123  10:39  Zergling x2  
  123  10:40  Zergling x26  
  145  11:11  Overlord  
  145  11:12  Overlord x5  
  145  11:19  Overseer  
  145  11:29  Baneling, Queen  
  145  11:30  Baneling x12  
  147  11:33  Drone x14  
  147  11:35  Extractor  
  147  11:37  Extractor  
  159  11:54  Drone x2  
  160  11:55  Drone x3  
  160  11:56  Drone x3  
  160  11:59  Drone x2, Spore Crawler  
  168  12:02  Overlord x5  
  168  12:05  Queen  
  170  12:09  Overseer  
  170  12:21  Roach  
Show
View Real Time Build Order
Export as new Build Order

DrMono Terran 

Build Orders:  

Get SALT Encoding   

  12  0:17  Supply Depot  
  12  0:23  SCV  
  12  0:24  Refinery  
  13  0:42  Supply Depot  
  13  0:57  Barracks  
  13  1:07  SCV  
  13  1:08  Supply Depot  
  14  1:20  SCV  
  15  1:45  Refinery, Reaper  
  16  1:48  Orbital Command  
  16  2:00  Supply Depot  
  16  2:07  Factory  
  16  2:13  SCV  
  17  2:22  Marine  
  17  2:25  SCV  
  19  2:37  SCV  
  20  2:49  SCV  
  21  2:58  Factory Reactor  
  21  3:01  SCV  
  21  3:02  Barracks Reactor  
  22  3:11  Starport  
  22  3:14  SCV  
  23  3:26  SCV  
  24  3:37  Hellion x2  
  24  3:38  Marine x2  
  30  3:42  SCV  
  31  3:49  Starport Reactor  
  31  3:51  Supply Depot  
  31  3:56  Marine  
  31  3:58  Cyclone x2  
  36  4:03  Supply Depot  
  36  4:05  Marine  
  37  4:14  Marine  
  38  4:20  Armory  
  38  4:25  Liberator  
  38  4:27  Liberator  
  44  4:32  Widow Mine  
  44  4:35  Marine  
  44  4:38  Marine  
  48  4:49  Supply Depot, SCV  
  49  4:53  Marine  
  49  4:55  Marine  
  51  5:08  Medivac  
  53  5:28  Cyclone, Marine x2  
  55  5:29  Cyclone  
  59  5:41  Liberator  
  62  5:45  Terran Vehicle Weapons Level 1  
  60  6:29  Liberator  
  39  6:52  Liberator  
  32  7:19  Marine x2  
  32  7:20  Cyclone x2  
  32  7:22  Liberator  
  41  7:27  Barracks  
  41  7:29  SCV  
  42  7:30  Command Center  
  42  7:34  Bunker  
  42  7:37  Marine  
  42  7:39  Bunker  
  42  7:41  Marine, SCV  
  45  7:53  SCV  
  45  7:55  Marine  
  47  7:59  Marine  
  47  8:03  Liberator  
  47  8:04  Barracks  
  47  8:05  Factory Tech Lab  
  51  8:16  Barracks Tech Lab, Marine  
  52  8:28  Marine  
  52  8:29  Siege Tank  
  52  8:34  Marine, SCV  
  57  8:38  Marauder  
  60  8:45  Marine  
  60  8:46  SCV  
  62  8:51  Orbital Command  
  62  8:52  Marine x3  
  65  8:58  SCV  
  65  8:59  Marauder, Supply Depot  
  65  9:00  Engineering Bay  
  68  9:03  Marine  
  68  9:09  Refinery  
  69  9:10  Marine, SCV  
  71  9:23  Siege Tank, SCV  
  68  9:41  Orbital Command  
  68  9:42  Marine x2  
  68  9:43  Marauder, Marine  
  73  9:56  Siege Tank  
  76  10:04  Marauder, Marine  
  76  10:06  Stimpack  
  79  10:20  SCV  
  80  10:25  Marauder  
  82  10:29  Refinery  
  82  10:32  SCV  
  80  10:43  Refinery  
  80  10:44  SCV  
  80  10:47  Marauder  
  83  10:56  SCV  
  84  11:00  Bunker  
  84  11:01  SCV  
  84  11:03  Bunker  
  85  11:08  Marauder, SCV  
  88  11:13  SCV  
  88  11:16  Marine  
  88  11:17  Marine x2  
  92  11:21  SCV  
  93  11:33  SCV  
  94  11:46  Concussive Shells  
  94  11:50  Missile Turret  
  94  11:52  Command Center  
  94  11:59  Supply Depot  
  94  12:03  Supply Depot  
  94  12:21  Marauder, Medivac  
Tags
 
Add a new tag
Caveats
  • Supply blocks, unpowered buildings, or Contaminate may cause inaccurate times.
  • Supply counts are checked every 10 seconds.